Toronto Maple Leafs vs Quebec Nordiques
Created - Wednesday, February 5, 2025 at 08:20
Goals
|
| Toronto Maple Leafs |
1 |
1 |
3 |
5 |
| Quebec Nordiques |
0 |
0 |
1 |
1 |
|
Shots
|
| Toronto Maple Leafs |
11 |
13 |
18 |
42 |
| Quebec Nordiques |
5 |
10 |
10 |
25 |
|
1st period
1. Toronto Maple Leafs , Tomas Hertl 3 (Brady Tkachuk 5) at 9:17
Penalties :
Kirby Dach (QUE) for Tripping (Minor) at 0:51, Michael Anderson (QUE) for Cross-checking (Minor) at 5:25, Zach Benson (QUE) for Cross-checking (Minor) at 14:23
2nd period
2. Toronto Maple Leafs , Troy Terry 3 (Brady Tkachuk 6, Tomas Hertl 4) at 18:33 (PP)
Penalties :
Nick Bjugstad (TOR) for Hooking (Minor) at 4:04, Jordan Greenway (QUE) for Cross-checking (Minor) at 7:09, Aaron Ekblad (TOR) for Hooking (Minor) at 9:30, Andreas Athanasiou (QUE) for Tripping (Minor) at 17:44
3rd period
3. Toronto Maple Leafs , Nicolas Roy 4 (Quinton Byfield 2, Aaron Ekblad 2) at 11:44 (PP)
4. Quebec Nordiques , Cole Perfetti 3 (Marco Rossi 1) at 14:56
5. Toronto Maple Leafs , Brady Tkachuk 1 (Troy Terry 2, Tomas Hertl 5) at 18:00
6. Toronto Maple Leafs , Brandon Saad 1 (Scott Laughton 1) at 18:53
Penalties :
Jonas Siegenthaler (QUE) for Interference (Minor) at 8:08, Rem Pitlick (QUE) for Cross-checking (Minor) at 10:58
Goalie Stats
Cam Talbot (TOR), 24 saves from 25 shots - (0.960), W, 2-2-0, 60:00 minutes
Joseph Woll (QUE), 37 saves from 42 shots - (0.881), L, 0-1-0, 60:00 minutes
Players Stats for Toronto Maple Leafs
Player Name G A P +/- PIM S H SB GA TA FO MP PP MP PK MP
------------------------------------------------------------------------------------
Aaron Ekblad 0 1 1 0 2 3 1 1 0 2 0/0 23:41 5:53 1:28
Andrew Mangiapane 0 0 0 1 0 3 0 1 0 0 0/0 8:36 0:00 0:00
Brady Tkachuk 1 2 3 1 0 2 1 0 0 1 0/0 19:16 5:49 0:14
Brandon Saad 1 0 1 1 0 4 0 0 0 0 0/0 8:54 0:00 0:00
Cody Ceci 0 0 0 2 0 1 2 2 0 0 0/0 22:46 5:37 1:18
Dougie Hamilton 0 0 0 0 0 2 1 0 0 1 0/0 19:24 5:53 0:38
Mario Ferraro 0 0 0 2 0 2 0 0 0 0 0/0 16:51 0:00 1:18
Nick Bjugstad 0 0 0 0 2 1 1 0 0 0 12/22 19:19 5:41 0:56
Nicolas Roy 1 0 1 0 0 7 1 0 1 0 0/1 19:18 5:38 1:40
Nino Niederreiter 0 0 0 0 0 2 0 0 0 0 0/1 12:04 0:00 0:56
Quinton Byfield 0 1 1 0 0 1 3 0 0 0 0/1 17:41 5:41 0:00
Ryan Pulock 0 0 0 0 0 0 1 0 0 0 0/0 18:21 0:00 2:40
Sam Bennett 0 0 0 0 0 2 1 1 1 0 0/0 9:59 0:00 0:00
Scott Laughton 0 1 1 1 0 1 3 0 0 0 5/7 10:27 0:00 1:51
Sean Walker 0 0 0 0 0 1 1 0 0 1 0/0 19:40 5:37 0:34
Tomas Hertl 1 2 3 1 0 2 1 0 0 1 8/20 20:28 5:49 1:53
Troy Terry 1 1 2 1 0 6 1 1 0 0 1/1 18:19 5:49 0:00
Wyatt Johnston 0 0 0 0 0 2 0 1 0 0 7/9 10:56 0:03 0:26
Players Stats for Quebec Nordiques
Player Name G A P +/- PIM S H SB GA TA FO MP PP MP PK MP
------------------------------------------------------------------------------------
Alec Martinez 0 0 0 0 0 1 0 1 0 0 0/0 21:18 2:16 4:20
Andreas Athanasiou 0 0 0 -1 2 1 0 0 1 0 1/6 9:33 0:00 0:00
Anthony Duclair 0 0 0 0 0 2 2 0 1 0 1/2 15:48 2:12 0:00
Cole Perfetti 1 0 1 0 0 2 0 1 2 0 0/2 16:02 2:12 0:47
Connor Brown 0 0 0 -1 0 1 4 0 0 0 0/0 12:30 0:00 2:48
J.J. Moser 0 0 0 -1 0 0 1 2 0 1 0/0 27:55 2:16 7:10
Jonas Siegenthaler 0 0 0 0 2 4 2 2 0 1 0/0 21:38 1:42 3:37
Jordan Greenway 0 0 0 -1 2 3 4 2 0 0 0/0 14:08 0:04 5:19
Justin Holl 0 0 0 -1 0 0 1 2 0 0 0/0 12:12 0:00 0:28
Kirby Dach 0 0 0 0 2 0 0 1 0 0 1/1 15:13 1:42 0:24
Luke Kunin 0 0 0 -1 0 4 2 0 0 0 1/1 13:11 0:04 4:14
Marc Staal 0 0 0 -1 0 0 1 1 0 0 0/0 12:44 0:00 1:16
Marco Rossi 0 1 1 0 0 2 3 0 1 0 8/19 13:21 1:42 0:00
Michael Anderson 0 0 0 -1 2 1 1 2 0 0 0/0 24:27 1:42 6:09
Michael McCarron 0 0 0 -1 0 1 0 1 0 0 10/17 15:27 0:04 6:19
Rem Pitlick 0 0 0 -1 2 1 1 0 0 0 1/1 9:33 0:00 0:00
Shane Pinto 0 0 0 0 0 1 0 0 1 0 6/12 16:58 2:12 1:02
Zach Benson 0 0 0 0 2 1 2 0 0 0 0/1 16:25 1:42 2:07
3 Stars
1 - Brady Tkachuk (TOR)
2 - Tomas Hertl (TOR)
3 - Troy Terry (TOR)
Power Play
Toronto Maple Leafs - 2 on 7 Attempt(s) - 28.57%
Quebec Nordiques - 0 on 2 Attempt(s) - 0.00%
Penalty Kill
Toronto Maple Leafs - 2 on 2 Attempt(s) - 100.00%
- Score 0 goal in Penalty Kill
Quebec Nordiques - 5 on 7 Attempt(s) - 71.43%
- Score 0 goal in Penalty Kill
Team Stat
Toronto Maple Leafs - Hits : 18 - Faceoff Wins : 33 - Blocked Shots : 7 - Penalty Minutes : 4
Quebec Nordiques - Hits : 24 - Faceoff Wins : 29 - Blocked Shots : 15 - Penalty Minutes : 14
Official
Referees : Pierre Lambert and Reid Anderson
Linesman : Brad Kovachik and Tommy Hughes
Game Notes
No Game Note
Finance
Level 1 -- Attendance: 4587 (76.45%) -- Ticket Income $458,700
Level 2 -- Attendance: 3685 (73.70%) -- Ticket Income $221,100
Level 3 -- Attendance: 2412 (80.40%) -- Ticket Income $84,420
Level 4 -- Attendance: 3688 (73.76%) -- Ticket Income $92,200
Luxury Box -- Attendance: 694 (69.40%) -- Ticket Income $138,800
Game was played at the Centre Videotron.
Total Attendance: 15066 (75.33%)
Total Ticket Income: $995,220
Other Income: $348,327
Total Income: $1,343,547
Toronto Maple Leafs
5 vs 5 Forward
Center Left Wing Right Wing Time % Phy DF OF
1 Tomas Hertl Brady Tkachuk Troy Terry 30 1 2 2
2 Nick Bjugstad Quinton Byfield Nicolas Roy 30 1 2 2
3 Wyatt Johnston Sam Bennett Nino Niederreiter 25 1 2 2
4 Scott Laughton Brandon Saad Andrew Mangiapane 15 1 2 2
5 vs 5 Defense
Defense Defense Time % Phy DF OF
1 Aaron Ekblad Ryan Pulock 35 1 2 2
2 Cody Ceci Mario Ferraro 35 1 2 2
3 Sean Walker Dougie Hamilton 30 1 2 2
4 Aaron Ekblad Ryan Pulock 0 1 2 2
PowerPlay Forward
Center Left Wing Right Wing Time % Phy DF OF
1 Tomas Hertl Brady Tkachuk Troy Terry 50 1 2 2
2 Nick Bjugstad Quinton Byfield Nicolas Roy 50 1 2 2
PowerPlay Defense
Defense Defense Time % Phy DF OF
1 Dougie Hamilton Aaron Ekblad 50 1 2 2
2 Sean Walker Cody Ceci 50 1 2 2
Penalty Kill 4 Players Forward
Center Wing Time % Phy DF OF
1 Nick Bjugstad Scott Laughton 50 1 2 2
2 Tomas Hertl Nicolas Roy 50 1 2 2
Penalty Kill 4 Players Defense
Defense Defense Time % Phy DF OF
1 Aaron Ekblad Ryan Pulock 50 1 2 2
2 Cody Ceci Mario Ferraro 50 1 2 2
Penalty Kill - 3 Players Forward
Forward Time % Phy DF OF
1 Tomas Hertl 50 1 2 2
2 Nick Bjugstad 50 1 2 2
Penalty Kill - 3 Players Defense
Defense Defense Time % Phy DF OF
1 Aaron Ekblad Ryan Pulock 50 1 2 2
2 Cody Ceci Mario Ferraro 50 1 2 2
4 vs 4 Forward
Center Wing Time % Phy DF OF
1 Tomas Hertl Brady Tkachuk 50 1 2 2
2 Nick Bjugstad Troy Terry 50 1 2 2
4 vs 4 Defense
Defense Defense Time % Phy DF OF
1 Aaron Ekblad Ryan Pulock 50 1 2 2
2 Cody Ceci Mario Ferraro 50 1 2 2
Last Minutes Offensive
Center Left Wing Right Wing Defense Defense
Tomas Hertl Brady Tkachuk Troy Terry Aaron Ekblad Ryan Pulock
Last Minutes Defensive
Center Left Wing Right Wing Defense Defense
Tomas Hertl Scott Laughton Troy Terry Aaron Ekblad Ryan Pulock
Goaltenders
Starting : Cam Talbot
Backup : Frederik Andersen
Extra Forwards
Normal : Wyatt Johnston, Sam Bennett, Nino Niederreiter - PP : Wyatt Johnston, Sam Bennett - PK : Nino Niederreiter
Extra Defensemen
Normal : Sean Walker, Dougie Hamilton, Cody Ceci - PP : Sean Walker - PK : Dougie Hamilton, Cody Ceci
Penalty Shots
Dougie Hamilton, Nick Bjugstad, Troy Terry, Quinton Byfield, Nicolas Roy
Scratches
Bowen Byram (Healthy), Kyle Okposo (Healthy), Warren Foegele (Healthy), Luke Schenn (Healthy), Pierre Engvall (Healthy)
Quebec Nordiques
5 vs 5 Forward
Center Left Wing Right Wing Time % Phy DF OF
1 Shane Pinto Anthony Duclair Kirby Dach 35 1 2 2
2 Marco Rossi Cole Perfetti Zach Benson 30 1 2 2
3 Michael McCarron Luke Kunin Jordan Greenway 20 1 2 2
4 Andreas Athanasiou Connor Brown Rem Pitlick 15 1 2 2
5 vs 5 Defense
Defense Defense Time % Phy DF OF
1 J.J. Moser Michael Anderson 35 1 3 1
2 Alec Martinez Jonas Siegenthaler 30 1 3 1
3 Marc Staal Justin Holl 25 1 4 0
4 J.J. Moser Jonas Siegenthaler 10 1 3 1
PowerPlay Forward
Center Left Wing Right Wing Time % Phy DF OF
1 Shane Pinto Anthony Duclair Cole Perfetti 60 1 2 2
2 Marco Rossi Zach Benson Kirby Dach 40 1 2 2
PowerPlay Defense
Defense Defense Time % Phy DF OF
1 J.J. Moser Alec Martinez 60 1 2 2
2 Michael Anderson Jonas Siegenthaler 40 1 2 2
Penalty Kill 4 Players Forward
Center Wing Time % Phy DF OF
1 Michael McCarron Jordan Greenway 60 1 4 0
2 Luke Kunin Connor Brown 40 1 4 0
Penalty Kill 4 Players Defense
Defense Defense Time % Phy DF OF
1 J.J. Moser Michael Anderson 60 2 3 0
2 Jonas Siegenthaler Alec Martinez 40 2 3 0
Penalty Kill - 3 Players Forward
Forward Time % Phy DF OF
1 Michael McCarron 60 1 4 0
2 Luke Kunin 40 1 4 0
Penalty Kill - 3 Players Defense
Defense Defense Time % Phy DF OF
1 J.J. Moser Michael Anderson 60 1 4 0
2 Jonas Siegenthaler Alec Martinez 40 1 4 0
4 vs 4 Forward
Center Wing Time % Phy DF OF
1 Shane Pinto Anthony Duclair 60 1 2 2
2 Marco Rossi Cole Perfetti 40 1 2 2
4 vs 4 Defense
Defense Defense Time % Phy DF OF
1 J.J. Moser Michael Anderson 60 1 2 2
2 Alec Martinez Jonas Siegenthaler 40 1 2 2
Last Minutes Offensive
Center Left Wing Right Wing Defense Defense
Shane Pinto Anthony Duclair Cole Perfetti J.J. Moser Michael Anderson
Last Minutes Defensive
Center Left Wing Right Wing Defense Defense
Michael McCarron Luke Kunin Connor Brown J.J. Moser Michael Anderson
Goaltenders
Starting : Joseph Woll
Backup : John Gibson
Extra Forwards
Normal : Michael McCarron, Luke Kunin, Connor Brown - PP : Luke Kunin, Michael McCarron - PK : Zach Benson
Extra Defensemen
Normal : J.J. Moser, Michael Anderson, Marc Staal - PP : Marc Staal - PK : Marc Staal, Justin Holl
Penalty Shots
Kirby Dach, Anthony Duclair, Shane Pinto, Cole Perfetti, Marco Rossi
Scratches
Jakub Voracek (Healthy), Alexander Alexeyev (Healthy), Dysin Mayo (Healthy), Keith Kinkaid (Healthy)
% Time on Ice - Toronto Maple Leafs
Lines # - Real PCT - Wanted PCT - Time Play
Normal Forward
1 - 30% - 30% - 13:13
2 - 29% - 30% - 12:44
3 - 22% - 25% - 9:59
4 - 19% - 15% - 8:36
Normal Defense
1 - 36% - 35% - 15:52
2 - 37% - 35% - 16:22
3 - 28% - 30% - 12:18
4 - 0% - 0% - 0:00
PP Forward
1 - 51% - 50% - 5:49
2 - 49% - 50% - 5:41
PP Defense
1 - 51% - 50% - 5:53
2 - 49% - 50% - 5:37
PK Forward
1 - 53% - 50% - 2:05
2 - 47% - 50% - 1:53
PK Defense
1 - 67% - 50% - 2:40
2 - 33% - 50% - 1:18
PK3 Forward
1 - 0% - 50%
2 - 0% - 50%
PK3 Defense
1 - 0% - 50%
2 - 0% - 50%
44 Forward
1 - 0% - 50%
2 - 0% - 50%
44 Defense
1 - 0% - 50%
2 - 0% - 50%
Last Minute Offensive - 0:00
Last Minute Defensive - 0:00
Total
Forward - 60:00
Defense - 60:00
|
% Time on Ice - Quebec Nordiques
Lines # - Real PCT - Wanted PCT - Time Play
Normal Forward
1 - 33% - 35% - 14:47
2 - 26% - 30% - 11:47
3 - 19% - 20% - 8:24
4 - 21% - 15% - 9:34
Normal Defense
1 - 38% - 35% - 16:44
2 - 33% - 30% - 14:35
3 - 26% - 25% - 11:28
4 - 4% - 10% - 1:45
PP Forward
1 - 57% - 60% - 2:16
2 - 43% - 40% - 1:42
PP Defense
1 - 57% - 60% - 2:16
2 - 43% - 40% - 1:42
PK Forward
1 - 76% - 60% - 8:42
2 - 24% - 40% - 2:48
PK Defense
1 - 62% - 60% - 7:10
2 - 38% - 40% - 4:20
PK3 Forward
1 - 0% - 60%
2 - 0% - 40%
PK3 Defense
1 - 0% - 60%
2 - 0% - 40%
44 Forward
1 - 0% - 60%
2 - 0% - 40%
44 Defense
1 - 0% - 60%
2 - 0% - 40%
Last Minute Offensive - 0:00
Last Minute Defensive - 0:00
Total
Forward - 60:00
Defense - 60:00
|
Play-by-Play
1st period
0:01 of 1st period - Shane Pinto wins face-off versus Tomas Hertl in neutral zone.
0:40 of 1st period - Anthony Duclair is hit by Cody Ceci and loses puck.
0:51 of 1st period - Minor Penalty to Kirby Dach for Tripping.
0:52 of 1st period - Tomas Hertl wins face-off versus Michael McCarron in Quebec Nordiques zone.
1:28 of 1st period - Snap shot by Jordan Greenway.
1:28 of 1st period - Shot Misses the Net.
1:44 of 1st period - Cody Ceci is hit by Connor Brown and loses puck.
2:51 of 1st period - Penalty to Kirby Dach is over, Kirby Dach is back on ice.
3:05 of 1st period - Wrist shot by Sam Bennett.
3:05 of 1st period - Stopped by Joseph Woll without a rebound.
3:06 of 1st period - Wyatt Johnston wins face-off versus Andreas Athanasiou in Quebec Nordiques zone.
3:09 of 1st period - Slapshot by Sam Bennett.
3:09 of 1st period - Shot Misses the Net.
3:19 of 1st period - Snap shot by Wyatt Johnston.
3:19 of 1st period - Stopped by Joseph Woll with a rebound.
3:41 of 1st period - Snap shot by Brandon Saad.
3:41 of 1st period - Shot Misses the Net.
3:53 of 1st period - Snap shot by Luke Kunin.
3:53 of 1st period - Stopped by Cam Talbot without a rebound.
3:54 of 1st period - Nick Bjugstad wins face-off versus Michael McCarron in Toronto Maple Leafs zone.
4:03 of 1st period - Snap shot by Nick Bjugstad.
4:03 of 1st period - Stopped by Joseph Woll with a rebound.
4:09 of 1st period - Snap shot by Jordan Greenway.
4:09 of 1st period - Deflect By Luke Kunin.
4:09 of 1st period - Shot Misses the Net.
4:09 of 1st period - Puck is out of play.
4:10 of 1st period - Marco Rossi wins face-off versus Tomas Hertl in Toronto Maple Leafs zone.
4:17 of 1st period - Snap shot by Cole Perfetti.
4:17 of 1st period - Stopped by Cam Talbot with a rebound.
4:19 of 1st period - Slapshot by Jonas Siegenthaler.
4:19 of 1st period - Deflect By Tomas Hertl.
4:19 of 1st period - Stopped by Cam Talbot with a rebound.
4:35 of 1st period - Dougie Hamilton is hit by Jordan Greenway and loses puck.
4:42 of 1st period - Snap shot by Luke Kunin.
4:42 of 1st period - Stopped by Cam Talbot with a rebound.
5:25 of 1st period - Minor Penalty to Michael Anderson for Cross-checking.
5:26 of 1st period - Michael McCarron wins face-off versus Nick Bjugstad in Quebec Nordiques zone.
7:25 of 1st period - Penalty to Michael Anderson is over, Michael Anderson is back on ice.
7:56 of 1st period - Marc Staal is hit by Scott Laughton and loses puck.
8:35 of 1st period - Nino Niederreiter is hit by Jonas Siegenthaler and loses puck.
8:42 of 1st period - Shane Pinto is hit by Sam Bennett and loses puck.
9:05 of 1st period - Snap shot by Wyatt Johnston.
9:05 of 1st period - Shot Blocked by Alec Martinez.
9:07 of 1st period - Slapshot by Sean Walker.
9:07 of 1st period - Shot Misses the Net.
9:09 of 1st period - Wrist shot by Mario Ferraro.
9:09 of 1st period - Shot Blocked by Jonas Siegenthaler.
9:11 of 1st period - Backhand shot by Ryan Pulock.
9:11 of 1st period - Shot Blocked by Kirby Dach.
9:13 of 1st period - Wrist shot by Nino Niederreiter.
9:13 of 1st period - Stopped by Joseph Woll without a rebound.
9:14 of 1st period - Tomas Hertl wins face-off versus Marco Rossi in Quebec Nordiques zone.
9:17 of 1st period - Snap shot by Tomas Hertl.
9:17 of 1st period - Goal by Tomas Hertl - Toronto Maple Leafs : 1 - Quebec Nordiques : 0.
9:18 of 1st period - Troy Terry wins face-off versus Marco Rossi in neutral zone.
9:45 of 1st period - Justin Holl is hit by Nicolas Roy and loses puck.
9:52 of 1st period - Wrist shot by Nicolas Roy.
9:52 of 1st period - Deflect By Nick Bjugstad.
9:52 of 1st period - Shot Misses the Net.
9:52 of 1st period - Puck is out of play.
9:53 of 1st period - Michael McCarron wins face-off versus Nick Bjugstad in Quebec Nordiques zone.
10:06 of 1st period - Nicolas Roy is hit by Luke Kunin and loses puck.
10:19 of 1st period - Alec Martinez is hit by Troy Terry and loses puck.
11:05 of 1st period - Icing by Connor Brown.
11:06 of 1st period - Wyatt Johnston wins face-off versus Andreas Athanasiou in Quebec Nordiques zone.
11:09 of 1st period - Snap shot by Wyatt Johnston.
11:09 of 1st period - Stopped by Joseph Woll with a rebound.
11:15 of 1st period - Snap shot by Sam Bennett.
11:15 of 1st period - Stopped by Joseph Woll without a rebound.
11:16 of 1st period - Nick Bjugstad wins face-off versus Cole Perfetti in Quebec Nordiques zone.
12:21 of 1st period - Tomas Hertl is hit by Justin Holl and loses puck.
12:43 of 1st period - Slapshot by Brady Tkachuk.
12:43 of 1st period - Shot Blocked by Justin Holl.
12:45 of 1st period - Slapshot by Dougie Hamilton.
12:45 of 1st period - Stopped by Joseph Woll with a rebound.
12:47 of 1st period - Wrist shot by Troy Terry.
12:47 of 1st period - Stopped by Joseph Woll with a rebound.
12:49 of 1st period - Slapshot by Sean Walker.
12:49 of 1st period - Deflect By Jordan Greenway.
12:49 of 1st period - Stopped by Joseph Woll without a rebound.
12:50 of 1st period - Marco Rossi wins face-off versus Nick Bjugstad in Quebec Nordiques zone.
13:05 of 1st period - Snap shot by Zach Benson.
13:05 of 1st period - Stopped by Cam Talbot with a rebound.
14:03 of 1st period - Connor Brown is hit by Quinton Byfield.
14:11 of 1st period - Snap shot by Andreas Athanasiou.
14:11 of 1st period - Deflect By Connor Brown.
14:11 of 1st period - Shot Misses the Net.
14:11 of 1st period - Puck is out of play.
14:12 of 1st period - Scott Laughton wins face-off versus Zach Benson in Toronto Maple Leafs zone.
14:12 of 1st period - Scott Laughton is hit by Marc Staal.
14:23 of 1st period - Minor Penalty to Zach Benson for Cross-checking.
14:24 of 1st period - Michael McCarron wins face-off versus Nick Bjugstad in Quebec Nordiques zone.
15:17 of 1st period - Jonas Siegenthaler is hit by Dougie Hamilton and loses puck.
16:23 of 1st period - Penalty to Zach Benson is over, Zach Benson is back on ice.
17:17 of 1st period - Snap shot by Brandon Saad.
17:17 of 1st period - Stopped by Joseph Woll with a rebound.
17:44 of 1st period - Mario Ferraro is hit by Connor Brown and loses puck.
18:51 of 1st period - Michael McCarron is hit by Quinton Byfield and loses puck.
19:26 of 1st period - Zach Benson is hit by Brady Tkachuk and loses puck.
19:49 of 1st period - Kirby Dach is hit by Scott Laughton and loses puck.
Goals for this period are 1 for Toronto Maple Leafs vs 0 for Quebec Nordiques.
Shots for this period are 11 for Toronto Maple Leafs vs 5 for Quebec Nordiques.
2nd period
0:01 of 2nd period - Nick Bjugstad wins face-off versus Marco Rossi in neutral zone.
0:26 of 2nd period - Wrist shot by Troy Terry.
0:26 of 2nd period - Stopped by Joseph Woll without a rebound.
0:27 of 2nd period - Tomas Hertl wins face-off versus Shane Pinto in Quebec Nordiques zone.
0:44 of 2nd period - Slapshot by Anthony Duclair.
0:44 of 2nd period - Stopped by Cam Talbot with a rebound.
0:54 of 2nd period - Nicolas Roy is hit by Marco Rossi and loses puck.
1:02 of 2nd period - Nick Bjugstad is hit by Marco Rossi and loses puck.
1:21 of 2nd period - Wrist shot by Jordan Greenway.
1:21 of 2nd period - Stopped by Cam Talbot with a rebound.
1:23 of 2nd period - Wrist shot by Michael McCarron.
1:23 of 2nd period - Stopped by Cam Talbot with a rebound.
1:32 of 2nd period - Off-side.
1:33 of 2nd period - Andreas Athanasiou wins face-off versus Scott Laughton in neutral zone.
1:37 of 2nd period - Off-side.
1:38 of 2nd period - Scott Laughton wins face-off versus Marco Rossi in neutral zone.
2:15 of 2nd period - Wrist shot by Scott Laughton.
2:15 of 2nd period - Stopped by Joseph Woll with a rebound.
2:17 of 2nd period - Snap shot by Scott Laughton.
2:17 of 2nd period - Shot Misses the Net.
2:19 of 2nd period - Wrist shot by Brandon Saad.
2:19 of 2nd period - Stopped by Joseph Woll without a rebound.
2:20 of 2nd period - Marco Rossi wins face-off versus Nick Bjugstad in Quebec Nordiques zone.
2:20 of 2nd period - Marco Rossi is hit by Nick Bjugstad.
2:26 of 2nd period - Wrist shot by Cole Perfetti.
2:26 of 2nd period - Shot Hit the Post.
2:28 of 2nd period - Slapshot by Jonas Siegenthaler.
2:28 of 2nd period - Stopped by Cam Talbot with a rebound.
2:30 of 2nd period - Snap shot by Alec Martinez.
2:30 of 2nd period - Deflect By Marco Rossi.
2:30 of 2nd period - Stopped by Cam Talbot without a rebound.
2:31 of 2nd period - Nick Bjugstad wins face-off versus Marco Rossi in Toronto Maple Leafs zone.
3:47 of 2nd period - Icing by Ryan Pulock.
3:48 of 2nd period - Scott Laughton wins face-off versus Marco Rossi in Toronto Maple Leafs zone.
3:55 of 2nd period - Slapshot by Andrew Mangiapane.
3:55 of 2nd period - Shot Misses the Net.
3:57 of 2nd period - Wrist shot by Andrew Mangiapane.
3:57 of 2nd period - Deflect By Brandon Saad.
3:57 of 2nd period - Stopped by Joseph Woll without a rebound.
3:58 of 2nd period - Nick Bjugstad wins face-off versus Marco Rossi in Quebec Nordiques zone.
4:04 of 2nd period - Minor Penalty to Nick Bjugstad for Hooking.
4:05 of 2nd period - Shane Pinto wins face-off versus Nino Niederreiter in Toronto Maple Leafs zone.
4:56 of 2nd period - Ryan Pulock is hit by Jonas Siegenthaler and loses puck.
6:04 of 2nd period - Penalty to Nick Bjugstad is over, Nick Bjugstad is back on ice.
6:36 of 2nd period - Wrist shot by Cole Perfetti.
6:36 of 2nd period - Shot Misses the Net.
6:42 of 2nd period - Snap shot by Nino Niederreiter.
6:42 of 2nd period - Stopped by Joseph Woll with a rebound.
6:46 of 2nd period - Wrist shot by Brady Tkachuk.
6:46 of 2nd period - Deflect By Nino Niederreiter.
6:46 of 2nd period - Shot Misses the Net.
6:46 of 2nd period - Puck is out of play.
6:47 of 2nd period - Michael McCarron wins face-off versus Scott Laughton in Quebec Nordiques zone.
6:47 of 2nd period - Michael McCarron is hit by Scott Laughton.
7:09 of 2nd period - Minor Penalty to Jordan Greenway for Cross-checking.
7:10 of 2nd period - Michael McCarron wins face-off versus Nick Bjugstad in Quebec Nordiques zone.
9:09 of 2nd period - Penalty to Jordan Greenway is over, Jordan Greenway is back on ice.
9:17 of 2nd period - Wrist shot by Jordan Greenway.
9:17 of 2nd period - Deflect By Michael McCarron.
9:17 of 2nd period - Shot Misses the Net.
9:17 of 2nd period - Puck is out of play.
9:18 of 2nd period - Wyatt Johnston wins face-off versus Andreas Athanasiou in Toronto Maple Leafs zone.
9:27 of 2nd period - Snap shot by Rem Pitlick.
9:27 of 2nd period - Stopped by Cam Talbot without a rebound.
9:28 of 2nd period - Wyatt Johnston wins face-off versus Shane Pinto in Toronto Maple Leafs zone.
9:30 of 2nd period - Minor Penalty to Aaron Ekblad for Hooking.
9:31 of 2nd period - Tomas Hertl wins face-off versus Shane Pinto in Toronto Maple Leafs zone.
11:30 of 2nd period - Penalty to Aaron Ekblad is over, Aaron Ekblad is back on ice.
11:34 of 2nd period - Cody Ceci is hit by J.J. Moser and loses puck.
11:47 of 2nd period - Connor Brown is hit by Tomas Hertl and loses puck.
12:08 of 2nd period - Nino Niederreiter is hit by Michael Anderson and loses puck.
12:42 of 2nd period - Scott Laughton is hit by Marco Rossi.
12:54 of 2nd period - Shane Pinto is hit by Sean Walker and loses puck.
12:59 of 2nd period - Slapshot by Sam Bennett.
12:59 of 2nd period - Shot Misses the Net.
13:15 of 2nd period - Nicolas Roy is hit by Rem Pitlick and loses puck.
13:39 of 2nd period - Dougie Hamilton is hit by Jordan Greenway and loses puck.
13:54 of 2nd period - Snap shot by Luke Kunin.
13:54 of 2nd period - Stopped by Cam Talbot without a rebound.
13:55 of 2nd period - Wyatt Johnston wins face-off versus Andreas Athanasiou in Toronto Maple Leafs zone.
13:55 of 2nd period - Wyatt Johnston is hit by Connor Brown.
14:05 of 2nd period - Slapshot by Connor Brown.
14:05 of 2nd period - Stopped by Cam Talbot with a rebound.
14:24 of 2nd period - Nicolas Roy is hit by Zach Benson and loses puck.
14:43 of 2nd period - Slapshot by Andrew Mangiapane.
14:43 of 2nd period - Stopped by Joseph Woll without a rebound.
14:44 of 2nd period - Scott Laughton wins face-off versus Shane Pinto in Quebec Nordiques zone.
14:45 of 2nd period - Snap shot by Andrew Mangiapane.
14:45 of 2nd period - Stopped by Joseph Woll with a rebound.
14:47 of 2nd period - Slapshot by Aaron Ekblad.
14:47 of 2nd period - Stopped by Joseph Woll with a rebound.
14:57 of 2nd period - Snap shot by Scott Laughton.
14:57 of 2nd period - Shot Misses the Net.
14:59 of 2nd period - Slapshot by Aaron Ekblad.
14:59 of 2nd period - Shot Blocked by J.J. Moser.
15:21 of 2nd period - Slapshot by Michael McCarron.
15:21 of 2nd period - Shot Blocked by Troy Terry.
15:31 of 2nd period - Wrist shot by Nicolas Roy.
15:31 of 2nd period - Shot Misses the Net.
15:33 of 2nd period - Snap shot by Aaron Ekblad.
15:33 of 2nd period - Stopped by Joseph Woll with a rebound.
15:35 of 2nd period - Snap shot by Nick Bjugstad.
15:35 of 2nd period - Deflect By Quinton Byfield.
15:35 of 2nd period - Shot Misses the Net.
15:35 of 2nd period - Puck is out of play.
15:36 of 2nd period - Nick Bjugstad wins face-off versus Marco Rossi in Quebec Nordiques zone.
15:51 of 2nd period - Wrist shot by Nicolas Roy.
15:51 of 2nd period - Stopped by Joseph Woll without a rebound.
15:52 of 2nd period - Kirby Dach wins face-off versus Tomas Hertl in Quebec Nordiques zone.
16:26 of 2nd period - Icing by Sean Walker.
16:27 of 2nd period - Nick Bjugstad wins face-off versus Marco Rossi in Toronto Maple Leafs zone.
16:41 of 2nd period - Wrist shot by Marco Rossi.
16:41 of 2nd period - Shot Hit the Post.
16:43 of 2nd period - Slapshot by Jonas Siegenthaler.
16:43 of 2nd period - Stopped by Cam Talbot with a rebound.
17:15 of 2nd period - Slapshot by Andreas Athanasiou.
17:15 of 2nd period - Stopped by Cam Talbot without a rebound.
17:16 of 2nd period - Wyatt Johnston wins face-off versus Andreas Athanasiou in Toronto Maple Leafs zone.
17:44 of 2nd period - Minor Penalty to Andreas Athanasiou for Tripping.
17:45 of 2nd period - Michael McCarron wins face-off versus Tomas Hertl in Quebec Nordiques zone.
18:19 of 2nd period - Slapshot by Sean Walker.
18:19 of 2nd period - Shot Blocked by J.J. Moser.
18:21 of 2nd period - Slapshot by Cody Ceci.
18:21 of 2nd period - Deflect By Nicolas Roy.
18:21 of 2nd period - Shot Misses the Net.
18:21 of 2nd period - Puck is out of play.
18:22 of 2nd period - Michael McCarron wins face-off versus Tomas Hertl in Quebec Nordiques zone.
18:31 of 2nd period - Wrist shot by Brady Tkachuk.
18:31 of 2nd period - Shot Misses the Net.
18:33 of 2nd period - Wrist shot by Troy Terry.
18:33 of 2nd period - Goal by Troy Terry - Toronto Maple Leafs : 2 - Quebec Nordiques : 0.
18:34 of 2nd period - Shane Pinto wins face-off versus Tomas Hertl in neutral zone.
19:29 of 2nd period - Sam Bennett is hit by Jordan Greenway and loses puck.
19:46 of 2nd period - Wrist shot by Andrew Mangiapane.
19:46 of 2nd period - Stopped by Joseph Woll with a rebound.
19:48 of 2nd period - Slapshot by Mario Ferraro.
19:48 of 2nd period - Stopped by Joseph Woll with a rebound.
19:50 of 2nd period - Snap shot by Brandon Saad.
19:50 of 2nd period - Shot Blocked by Jonas Siegenthaler.
19:52 of 2nd period - Snap shot by Mario Ferraro.
19:52 of 2nd period - Shot Misses the Net.
19:54 of 2nd period - Wrist shot by Andrew Mangiapane.
19:54 of 2nd period - Shot Misses the Net.
Goals for this period are 1 for Toronto Maple Leafs vs 0 for Quebec Nordiques.
Shots for this period are 13 for Toronto Maple Leafs vs 10 for Quebec Nordiques.
3rd period
0:01 of 3rd period - Shane Pinto wins face-off versus Tomas Hertl in neutral zone.
0:32 of 3rd period - Slapshot by Alec Martinez.
0:32 of 3rd period - Stopped by Cam Talbot with a rebound.
0:34 of 3rd period - Wrist shot by Zach Benson.
0:34 of 3rd period - Shot Misses the Net.
0:36 of 3rd period - Slapshot by Cole Perfetti.
0:36 of 3rd period - Deflect By Marco Rossi.
0:36 of 3rd period - Shot Blocked by Cody Ceci.
0:36 of 3rd period - Puck is out of play.
0:37 of 3rd period - Michael McCarron wins face-off versus Wyatt Johnston in Toronto Maple Leafs zone.
0:42 of 3rd period - Wrist shot by Jordan Greenway.
0:42 of 3rd period - Shot Blocked by Sam Bennett.
0:44 of 3rd period - Slapshot by Jonas Siegenthaler.
0:44 of 3rd period - Stopped by Cam Talbot without a rebound.
0:45 of 3rd period - Wyatt Johnston wins face-off versus Michael McCarron in Toronto Maple Leafs zone.
0:50 of 3rd period - Snap shot by Jordan Greenway.
0:50 of 3rd period - Stopped by Cam Talbot without a rebound.
0:51 of 3rd period - Tomas Hertl wins face-off versus Shane Pinto in Toronto Maple Leafs zone.
1:38 of 3rd period - Wrist shot by Anthony Duclair.
1:38 of 3rd period - Deflect By Shane Pinto.
1:38 of 3rd period - Stopped by Cam Talbot without a rebound.
1:39 of 3rd period - Nick Bjugstad wins face-off versus Marco Rossi in Toronto Maple Leafs zone.
1:48 of 3rd period - Snap shot by Cole Perfetti.
1:48 of 3rd period - Shot Misses the Net.
2:04 of 3rd period - Mario Ferraro is hit by Jordan Greenway and loses puck.
2:11 of 3rd period - Backhand shot by Luke Kunin.
2:11 of 3rd period - Shot Misses the Net.
2:51 of 3rd period - Slapshot by Quinton Byfield.
2:51 of 3rd period - Shot Misses the Net.
2:53 of 3rd period - Snap shot by Nicolas Roy.
2:53 of 3rd period - Stopped by Joseph Woll with a rebound.
2:55 of 3rd period - Slapshot by Sean Walker.
2:55 of 3rd period - Shot Blocked by Cole Perfetti.
2:57 of 3rd period - Slapshot by Dougie Hamilton.
2:57 of 3rd period - Shot Misses the Net.
3:07 of 3rd period - Andrew Mangiapane is hit by Anthony Duclair and loses puck.
3:12 of 3rd period - Wrist shot by Anthony Duclair.
3:12 of 3rd period - Stopped by Cam Talbot with a rebound.
3:14 of 3rd period - Slapshot by Justin Holl.
3:14 of 3rd period - Shot Blocked by Andrew Mangiapane.
3:16 of 3rd period - Snap shot by Kirby Dach.
3:16 of 3rd period - Shot Blocked by Aaron Ekblad.
3:18 of 3rd period - Wrist shot by Justin Holl.
3:18 of 3rd period - Shot Misses the Net.
3:20 of 3rd period - Snap shot by Anthony Duclair.
3:20 of 3rd period - Shot Misses the Net.
3:31 of 3rd period - Off-side.
3:32 of 3rd period - Michael McCarron wins face-off versus Tomas Hertl in neutral zone.
3:57 of 3rd period - Mario Ferraro is hit by Luke Kunin and loses puck.
4:02 of 3rd period - Slapshot by Jordan Greenway.
4:02 of 3rd period - Stopped by Cam Talbot with a rebound.
4:29 of 3rd period - Slapshot by Tomas Hertl.
4:29 of 3rd period - Shot Blocked by Michael Anderson.
4:31 of 3rd period - Wrist shot by Brady Tkachuk.
4:31 of 3rd period - Shot Blocked by Michael Anderson.
4:33 of 3rd period - Slapshot by Mario Ferraro.
4:33 of 3rd period - Deflect By Michael McCarron.
4:33 of 3rd period - Stopped by Joseph Woll without a rebound.
4:34 of 3rd period - Marco Rossi wins face-off versus Quinton Byfield in Quebec Nordiques zone.
5:29 of 3rd period - Wrist shot by Andreas Athanasiou.
5:29 of 3rd period - Shot Misses the Net.
7:03 of 3rd period - Connor Brown is hit by Aaron Ekblad and loses puck.
7:16 of 3rd period - Brady Tkachuk is hit by Zach Benson and loses puck.
8:08 of 3rd period - Minor Penalty to Jonas Siegenthaler for Interference.
8:09 of 3rd period - Nick Bjugstad wins face-off versus Michael McCarron in Quebec Nordiques zone.
8:20 of 3rd period - Snap shot by Nick Bjugstad.
8:20 of 3rd period - Shot Blocked by Jordan Greenway.
8:22 of 3rd period - Wrist shot by Nicolas Roy.
8:22 of 3rd period - Stopped by Joseph Woll without a rebound.
8:23 of 3rd period - Tomas Hertl wins face-off versus Michael McCarron in Quebec Nordiques zone.
10:08 of 3rd period - Penalty to Jonas Siegenthaler is over, Jonas Siegenthaler is back on ice.
10:29 of 3rd period - Slapshot by Shane Pinto.
10:29 of 3rd period - Shot Misses the Net.
10:31 of 3rd period - Backhand shot by Jonas Siegenthaler.
10:31 of 3rd period - Shot Blocked by Wyatt Johnston.
10:58 of 3rd period - Minor Penalty to Rem Pitlick for Cross-checking.
10:59 of 3rd period - Michael McCarron wins face-off versus Nick Bjugstad in Quebec Nordiques zone.
11:12 of 3rd period - Snap shot by Nicolas Roy.
11:12 of 3rd period - Shot Blocked by Michael McCarron.
11:14 of 3rd period - Snap shot by Nicolas Roy.
11:14 of 3rd period - Stopped by Joseph Woll without a rebound.
11:15 of 3rd period - Tomas Hertl wins face-off versus Michael McCarron in Quebec Nordiques zone.
11:16 of 3rd period - Snap shot by Brady Tkachuk.
11:16 of 3rd period - Shot Misses the Net.
11:32 of 3rd period - Snap shot by Troy Terry.
11:32 of 3rd period - Shot Blocked by Jordan Greenway.
11:44 of 3rd period - Snap shot by Nicolas Roy.
11:44 of 3rd period - Goal by Nicolas Roy - Toronto Maple Leafs : 3 - Quebec Nordiques : 0.
11:45 of 3rd period - Nick Bjugstad wins face-off versus Marco Rossi in neutral zone.
11:57 of 3rd period - Snap shot by Nicolas Roy.
11:57 of 3rd period - Stopped by Joseph Woll without a rebound.
11:58 of 3rd period - Tomas Hertl wins face-off versus Cole Perfetti in Quebec Nordiques zone.
12:09 of 3rd period - Wrist shot by Marco Rossi.
12:09 of 3rd period - Stopped by Cam Talbot with a rebound.
12:11 of 3rd period - Slapshot by Michael Anderson.
12:11 of 3rd period - Deflect By Tomas Hertl.
12:11 of 3rd period - Stopped by Cam Talbot without a rebound.
12:12 of 3rd period - Nick Bjugstad wins face-off versus Anthony Duclair in Toronto Maple Leafs zone.
12:12 of 3rd period - Nick Bjugstad is hit by Anthony Duclair.
12:20 of 3rd period - Snap shot by Quinton Byfield.
12:20 of 3rd period - Stopped by Joseph Woll with a rebound.
12:22 of 3rd period - Wrist shot by Nick Bjugstad.
12:22 of 3rd period - Deflect By Nicolas Roy.
12:22 of 3rd period - Stopped by Joseph Woll without a rebound.
12:23 of 3rd period - Marco Rossi wins face-off versus Nicolas Roy in Quebec Nordiques zone.
12:23 of 3rd period - Marco Rossi is hit by Cody Ceci.
12:54 of 3rd period - Slapshot by Troy Terry.
12:54 of 3rd period - Stopped by Joseph Woll with a rebound.
12:56 of 3rd period - Snap shot by Troy Terry.
12:56 of 3rd period - Shot Misses the Net.
12:58 of 3rd period - Slapshot by Cody Ceci.
12:58 of 3rd period - Stopped by Joseph Woll with a rebound.
13:00 of 3rd period - Wrist shot by Tomas Hertl.
13:00 of 3rd period - Stopped by Joseph Woll with a rebound.
14:19 of 3rd period - Wrist shot by Troy Terry.
14:19 of 3rd period - Deflect By Shane Pinto.
14:19 of 3rd period - Stopped by Joseph Woll without a rebound.
14:20 of 3rd period - Shane Pinto wins face-off versus Nick Bjugstad in Quebec Nordiques zone.
14:20 of 3rd period - Shane Pinto is hit by Quinton Byfield.
14:48 of 3rd period - Snap shot by Jordan Greenway.
14:48 of 3rd period - Shot Blocked by Cody Ceci.
14:50 of 3rd period - Slapshot by Michael McCarron.
14:50 of 3rd period - Shot Misses the Net.
14:52 of 3rd period - Slapshot by Michael McCarron.
14:52 of 3rd period - Deflect By Luke Kunin.
14:52 of 3rd period - Stopped by Cam Talbot without a rebound.
14:53 of 3rd period - Luke Kunin wins face-off versus Tomas Hertl in Toronto Maple Leafs zone.
14:54 of 3rd period - Wrist shot by Jordan Greenway.
14:54 of 3rd period - Deflect By Michael McCarron.
14:54 of 3rd period - Shot Misses the Net.
14:54 of 3rd period - Puck is out of play.
14:55 of 3rd period - Marco Rossi wins face-off versus Tomas Hertl in Toronto Maple Leafs zone.
14:56 of 3rd period - Slapshot by Cole Perfetti.
14:56 of 3rd period - Goal by Cole Perfetti - Toronto Maple Leafs : 3 - Quebec Nordiques : 1.
14:57 of 3rd period - Marco Rossi wins face-off versus Tomas Hertl in neutral zone.
15:52 of 3rd period - Off-side.
15:53 of 3rd period - Rem Pitlick wins face-off versus Wyatt Johnston in neutral zone.
16:53 of 3rd period - Snap shot by Andreas Athanasiou.
16:53 of 3rd period - Shot Misses the Net.
17:52 of 3rd period - Snap shot by Troy Terry.
17:52 of 3rd period - Shot Blocked by Justin Holl.
17:54 of 3rd period - Wrist shot by Troy Terry.
17:54 of 3rd period - Deflect By Brady Tkachuk.
17:54 of 3rd period - Stopped by Joseph Woll with a rebound.
17:56 of 3rd period - Snap shot by Troy Terry.
17:56 of 3rd period - Shot Blocked by Marc Staal.
17:58 of 3rd period - Wrist shot by Troy Terry.
17:58 of 3rd period - Stopped by Joseph Woll with a rebound.
18:00 of 3rd period - Snap shot by Brady Tkachuk.
18:00 of 3rd period - Goal by Brady Tkachuk - Toronto Maple Leafs : 4 - Quebec Nordiques : 1.
18:01 of 3rd period - Nick Bjugstad wins face-off versus Shane Pinto in neutral zone.
18:51 of 3rd period - Snap shot by Aaron Ekblad.
18:51 of 3rd period - Stopped by Joseph Woll without a rebound.
18:52 of 3rd period - Scott Laughton wins face-off versus Michael McCarron in Quebec Nordiques zone.
18:53 of 3rd period - Snap shot by Brandon Saad.
18:53 of 3rd period - Goal by Brandon Saad - Toronto Maple Leafs : 5 - Quebec Nordiques : 1.
18:54 of 3rd period - Anthony Duclair wins face-off versus Nick Bjugstad in neutral zone.
19:01 of 3rd period - Wrist shot by Anthony Duclair.
19:01 of 3rd period - Deflect By Shane Pinto.
19:01 of 3rd period - Shot Misses the Net.
19:01 of 3rd period - Puck is out of play.
19:02 of 3rd period - Shane Pinto wins face-off versus Nick Bjugstad in Toronto Maple Leafs zone.
19:30 of 3rd period - Backhand shot by Dougie Hamilton.
19:30 of 3rd period - Stopped by Joseph Woll without a rebound.
19:31 of 3rd period - Marco Rossi wins face-off versus Tomas Hertl in Quebec Nordiques zone.
19:31 of 3rd period - Marco Rossi is hit by Ryan Pulock.
19:56 of 3rd period - Brady Tkachuk is hit by Connor Brown and loses puck.
Goals for this period are 3 for Toronto Maple Leafs vs 1 for Quebec Nordiques.
Shots for this period are 18 for Toronto Maple Leafs vs 10 for Quebec Nordiques.
Back to the Top